Map: Blackpink LE

Players

Honor - Winner!

  • Race: Protoss Protoss
  • League: Master
  • Spawn Location: 1:00

A.I. 1 (Elite)

  • Race: Protoss Protoss
  • Spawn Location: 7:00

VOD

Have the link to the VOD?

Description

Time

  • Played on: April 5, 2018, 9:45 a.m.
  • Length: 8:36
Show
View Real Time Build Order
Export as new Build Order

Honor Protoss - Winner!

Build Orders:  

Get SALT Encoding   

  12  0:00  Probe  
  13  0:13  Probe  
  14  0:17  Pylon  
  14  0:25  Probe  
  15  0:37  Gateway, Probe (Chrono Boost)  
  16  0:47  Assimilator, Probe (Chrono Boost)  
  17  0:52  Probe (Chrono Boost)  
  17  0:55  Assimilator  
  18  1:03  Probe  
  19  1:09  Gateway  
  19  1:15  Probe  
  20  1:27  Cybernetics Core, Probe  
  21  1:34  Pylon  
  21  1:39  Probe  
  22  1:51  Probe  
  23  2:01  Stalker x2 (Chrono Boost)  
  23  2:06  Probe  
  28  2:15  Warp Gate (Chrono Boost)  
  28  2:17  Pylon  
  28  2:18  Probe  
  29  2:26  Stalker  
  31  2:35  Probe, Stalker  
  34  2:47  Probe  
  35  3:00  Nexus  
  35  3:04  Sentry  
  37  3:14  Robotics Facility  
  37  3:23  Shield Battery  
  37  3:26  Pylon  
  37  3:30  Probe  
  38  3:42  Probe  
  39  3:52  Forge  
  39  3:54  Probe  
  40  3:59  Stalker  
  40  4:00  Sentry  
  45  4:03  Observer (Chrono Boost)  
  45  4:06  Probe  
  46  4:13  Probe  
  47  4:18  Probe  
  47  4:20  Observer (Chrono Boost)  
  49  4:25  Protoss Ground Weapons Level 1, Probe  
  49  4:30  Probe  
  51  4:32  Assimilator  
  51  4:34  Immortal (Chrono Boost)  
  51  4:37  Probe  
  56  4:43  Pylon  
  56  4:45  Probe  
  57  4:48  Pylon  
  57  4:49  Probe  
  58  4:57  Probe  
  59  5:03  Probe  
  59  5:04  Immortal (Chrono Boost)  
  64  5:09  Probe  
  64  5:13  Twilight Council  
  65  5:14  Adept  
  65  5:16  Adept  
  69  5:32  Pylon  
  69  5:33  Immortal (Chrono Boost)  
  69  5:37  Pylon  
  73  5:47  Resonating Glaives (Chrono Boost)  
  73  5:55  Stalker x2  
  77  6:04  Warp Prism  
  77  6:06  Gateway  
  77  6:08  Gateway  
  77  6:10  Gateway  
  79  6:14  Gateway  
  79  6:19  Sentry, Adept  
  83  6:27  Pylon  
  83  6:28  Pylon  
  83  6:37  Photon Cannon x2  
  83  6:40  Adept  
  83  6:42  Sentry  
  87  6:55  Pylon  
  87  6:56  Pylon  
  87  7:09  Adept x5  
  87  7:10  Adept  
  95  7:30  Stalker x4  
  95  7:31  Stalker  
  95  7:35  Stalker  
  87  7:52  Adept x2  
  87  7:53  Adept x3  
  87  7:55  Sentry  
  99  8:10  Adept  
  99  8:11  Adept  
  103  8:15  Adept x3  
  103  8:16  Adept  
Show
View Real Time Build Order
Export as new Build Order

A.I. 1 (Elite) Protoss 

Build Orders:  

Get SALT Encoding   

  12  0:00  Probe  
  13  0:13  Probe  
  14  0:20  Pylon  
  14  0:25  Probe  
  15  0:34  Probe  
  16  0:42  Probe  
  16  0:47  Assimilator  
  17  0:50  Gateway  
  17  0:51  Probe  
  18  1:00  Probe, Pylon  
  19  1:08  Probe  
  20  1:19  Probe  
  21  1:38  Gateway, Probe  
  21  1:39  Cybernetics Core  
  22  1:40  Zealot  
  24  1:48  Pylon  
  24  1:50  Probe  
  25  1:58  Probe  
  25  2:06  Probe  
  25  2:07  Zealot  
  28  2:12  Assimilator  
  29  2:17  Probe  
  29  2:22  Adept  
  30  2:29  Probe  
  32  2:30  Warp Gate  
  32  2:31  Adept  
  34  2:38  Pylon  
  34  2:41  Probe  
  35  2:49  Adept  
  35  2:52  Probe  
  38  3:00  Probe  
  38  3:01  Sentry  
  41  3:08  Probe  
  42  3:17  Nexus  
  42  3:24  Stalker  
  44  3:27  Probe  
  45  3:39  Probe, Stargate  
  46  3:51  Probe  
  46  3:54  Pylon  
  47  4:08  Probe  
  48  4:18  Probe, Adept  
  48  4:22  Stargate  
  51  4:28  Probe  
  51  4:30  Probe  
  53  4:34  Void Ray  
  53  4:41  Probe  
  53  4:42  Probe  
  59  4:48  Zealot  
  61  4:53  Probe  
  61  4:54  Probe  
  61  4:56  Pylon  
  63  5:05  Void Ray, Probe  
  68  5:13  Void Ray  
  68  5:14  Probe  
  68  5:17  Probe  
  68  5:19  Pylon  
  68  5:21  Adept  
  76  5:36  Twilight Council  
  76  5:42  Pylon  
  76  5:46  Assimilator  
  76  5:48  Probe  
  77  5:52  Assimilator, Probe  
  78  6:00  Gateway  
  78  6:05  Probe  
  78  6:09  Probe  
  80  6:12  Pylon  
  80  6:13  Probe  
  80  6:17  Templar Archives  
  81  6:21  Probe  
  81  6:23  Probe  
  83  6:30  Probe  
  83  6:38  Nexus  
  84  6:46  Stalker  
  86  6:51  Stalker  
  88  6:54  Pylon, High Templar  
  88  7:00  Forge  
  90  7:02  Pylon  
  90  7:07  Forge  
  90  7:08  Robotics Facility  
  90  7:09  High Templar  
  90  7:12  Gateway  
  90  7:14  Stalker  
  94  7:27  Zealot  
  88  7:31  Stalker  
  78  7:37  Zealot  
  66  7:44  Photon Cannon  
  66  7:47  Zealot  
  66  7:48  Stalker  
  60  7:51  Probe  
  60  7:52  Probe  
  60  7:57  Zealot  
  60  7:58  Observer  
  63  8:03  Probe  
  63  8:04  Sentry, Probe  
  59  8:06  High Templar  
  59  8:07  Stalker  
  53  8:17  Zealot  
  38  8:23  Zealot  
  38  8:24  Adept  
Tags
 
League
Master
Matchup
PvP
Spawn Locations
Cross Positions
Add a new tag
Caveats
  • Supply blocks, unpowered buildings, or Contaminate may cause inaccurate times.
  • Supply counts are checked every 10 seconds.